Map: Odyssey LE

Players

Dessa - Winner!

  • Race: Zerg Zerg
  • League: Diamond
  • Spawn Location: 11:00

Quinn

  • Race: Terran Terran
  • League: Diamond
  • Spawn Location: 5:00

VOD

Have the link to the VOD?

Description

Time

  • Played on: Jan. 11, 2018, 7:40 a.m.
  • Length: 12:45
Show
View Real Time Build Order
Export as new Build Order

Dessa Zerg - Winner!

Build Orders: Hatch First 

Get SALT Encoding   

  12  0:00  Drone  
  13  0:12  Overlord  
  13  0:17  Drone  
  14  0:31  Drone x2  
  14  0:35  Drone  
  17  0:57  Hatchery  
  17  0:58  Drone  
  17  1:02  Drone, Extractor  
  17  1:18  Spawning Pool  
  16  1:20  Drone  
  18  1:25  Drone  
  18  1:31  Overlord  
  18  1:41  Drone  
  19  1:54  Drone  
  20  2:04  Queen  
  22  2:09  Queen  
  22  2:10  Zergling x4  
  22  2:13  Metabolic Boost  
  26  2:22  Drone  
  27  2:23  Drone  
  28  2:30  Overlord  
  28  2:33  Overlord  
  28  2:47  Drone x3  
  31  2:56  Drone  
  31  2:57  Roach Warren  
  31  3:08  Drone  
  31  3:09  Drone  
  33  3:15  Drone  
  33  3:16  Drone  
  33  3:17  Drone, Overlord  
  36  3:21  Lair  
  36  3:23  Drone, Extractor  
  36  3:25  Drone  
  37  3:28  Drone  
  37  3:30  Drone  
  39  3:59  Drone x3, Hatchery  
  39  4:00  Roach x2  
  45  4:05  Drone x2  
  47  4:10  Drone x2  
  47  4:11  Evolution Chamber  
  47  4:12  Zergling x2, Evolution Chamber  
  48  4:18  Roach x2  
  52  4:24  Overlord  
  52  4:29  Glial Reconstitution  
  52  4:33  Overlord  
  52  4:51  Zerg Missile Weapons Level 1  
  52  4:53  Zerg Ground Armor Level 1  
  52  4:57  Roach x4  
  60  5:05  Zergling x6  
  60  5:06  Zergling x2  
  63  5:09  Extractor  
  63  5:10  Extractor  
  63  5:11  Baneling Nest  
  63  5:12  Drone x4  
  63  5:13  Queen  
  66  5:31  Drone x4  
  66  5:33  Zergling x2  
  66  5:34  Overlord  
  70  6:02  Drone x3  
  70  6:03  Roach x5  
  75  6:17  Roach x4  
  78  6:22  Queen  
  79  6:38  Zergling x2  
  79  6:39  Zergling x20  
  78  6:48  Roach  
  78  6:49  Roach  
  63  7:11  Drone x4  
  63  7:12  Drone x3  
  70  7:17  Pneumatized Carapace  
  70  7:22  Drone, Extractor  
  70  7:23  Drone x2  
  72  7:30  Roach x2  
  77  7:37  Drone x2  
  78  7:47  Drone x4  
  78  7:49  Overlord x3  
  82  7:55  Zerg Ground Armor Level 2  
  82  8:02  Hydralisk Den  
  82  8:03  Zergling x2  
  82  8:18  Hatchery  
  81  8:26  Drone  
  84  8:27  Roach x4  
  90  8:34  Hydralisk x4, Muscular Augments  
  90  8:36  Overlord x2  
  98  8:54  Hydralisk x6  
  110  8:56  Overlord x2  
  110  8:59  Overlord  
  110  9:01  Drone x3  
  113  9:08  Overlord  
  113  9:29  Zerg Missile Weapons Level 2  
  113  9:34  Overlord x2  
  113  9:36  Zergling x2  
  113  9:37  Zergling x30  
  129  9:40  Queen  
  129  9:42  Overlord  
  110  10:23  Drone x3  
  110  10:24  Roach x2, Hydralisk x2  
  110  10:25  Roach x2  
  115  10:45  Extractor  
  115  10:46  Drone x2  
  115  10:47  Drone, Overlord x2  
  111  10:53  Infestation Pit  
  94  11:07  Drone x3  
  97  11:18  Zergling x16  
  102  11:19  Zergling x2, Hydralisk x4, Roach x2  
  102  11:20  Roach x2  
  122  11:37  Infestor  
  122  12:05  Spire  
  121  12:09  Extractor  
  121  12:10  Drone x3, Extractor  
  121  12:11  Drone x3  
  121  12:13  Hydralisk  
  121  12:14  Roach x3, Hydralisk x5  
  121  12:15  Roach x5, Hydralisk x3  
  157  12:16  Roach  
  161  12:35  Hatchery  
Show
View Real Time Build Order
Export as new Build Order

Quinn Terran 

Build Orders: Mech 

Get SALT Encoding   

  12  0:01  SCV  
  13  0:13  SCV  
  14  0:19  Supply Depot  
  14  0:25  SCV  
  15  0:40  SCV  
  15  0:42  Barracks  
  16  0:52  SCV  
  16  0:53  Refinery  
  17  1:05  SCV  
  18  1:17  SCV  
  19  1:29  SCV, Marine  
  21  1:34  Command Center  
  21  1:41  Orbital Command  
  21  1:51  Supply Depot  
  21  1:52  Marine  
  22  2:03  Factory  
  22  2:07  SCV  
  23  2:15  Marine  
  24  2:27  SCV  
  24  2:28  Bunker  
  24  2:29  Refinery  
  25  2:39  SCV  
  26  2:59  Factory Reactor  
  26  3:03  Factory  
  25  3:09  Orbital Command  
  25  3:11  Supply Depot  
  25  3:15  SCV  
  26  3:26  Barracks Tech Lab  
  26  3:28  SCV  
  27  3:35  SCV  
  27  3:39  Supply Depot  
  27  3:40  SCV  
  27  3:41  Hellion  
  31  3:44  Hellion  
  31  3:45  Marine  
  34  3:49  Factory Tech Lab  
  34  3:52  SCV x2  
  36  4:02  Supply Depot  
  36  4:03  Marine  
  36  4:04  SCV  
  36  4:05  Hellion  
  40  4:23  SCV  
  41  4:24  Hellion  
  41  4:25  Hellion  
  41  4:27  Infernal Pre-Igniter  
  47  4:31  Hellion  
  47  4:37  Marine  
  48  4:39  SCV x2  
  50  4:46  Siege Tank  
  50  4:48  Supply Depot  
  50  4:51  SCV  
  54  4:54  Hellion  
  54  4:55  Hellion, Marine  
  59  5:00  SCV  
  59  5:05  Armory  
  60  5:09  SCV  
  60  5:12  Command Center  
  60  5:13  Marine  
  62  5:16  Hellion x2  
  62  5:18  SCV  
  62  5:20  Hellion  
  70  5:21  SCV  
  70  5:26  Refinery  
  70  5:28  Refinery  
  70  5:31  Marine  
  71  5:37  Hellion  
  71  5:41  Hellion  
  75  5:49  SCV, Marine  
  77  5:52  SCV  
  78  6:09  Hellion  
  78  6:10  Hellion  
  78  6:11  Marauder  
  72  6:32  Marauder  
  67  6:48  Siege Tank  
  67  6:54  Marauder  
  54  7:10  SCV, Orbital Command  
  54  7:15  Marauder  
  50  7:18  SCV  
  50  7:20  Siege Tank  
  50  7:22  SCV  
  55  7:25  Engineering Bay  
  55  7:30  SCV  
  56  7:38  Cyclone x2  
  56  7:42  SCV x2  
  56  7:43  Terran Vehicle Weapons Level 1  
  64  7:46  Armory  
  64  7:52  Factory, Siege Tank  
  64  7:55  SCV x2, Factory  
  64  7:56  SCV  
  70  8:07  SCV x2  
  70  8:10  Cyclone  
  75  8:29  Orbital Command  
  75  8:37  SCV  
  75  8:38  SCV  
  75  8:41  Factory Tech Lab, Siege Tank  
  80  8:45  Cyclone x2  
  86  8:49  SCV  
  86  8:50  SCV  
  88  9:01  Cyclone  
  91  9:11  Terran Vehicle And Ship Armor Level 1  
  91  9:18  Supply Depot  
  91  9:19  Supply Depot  
  91  9:20  Supply Depot  
  91  9:22  Supply Depot  
  91  9:23  Supply Depot  
  91  9:24  Supply Depot  
  91  9:25  Supply Depot  
  91  9:26  Supply Depot  
  91  9:30  SCV  
  92  9:32  Refinery  
  92  9:34  Refinery  
  92  9:39  Cyclone x3  
  92  9:40  Cyclone x2  
  92  9:43  SCV  
  92  9:44  SCV  
  110  9:49  Command Center  
  110  9:50  Terran Vehicle Weapons Level 2  
  110  9:56  SCV x2  
  109  10:11  Cyclone x3  
  109  10:13  Cyclone  
  112  10:19  Siege Tank  
  59  10:43  Cyclone, Siege Tank  
  59  10:45  Siege Tank  
  52  10:51  Siege Tank  
  40  11:06  SCV x2  
  42  11:16  Siege Tank  
  45  11:18  SCV x2  
  47  11:26  Siege Tank  
  47  11:27  Supply Depot  
  50  11:36  Hellion x3  
  56  11:48  Hellion  
  58  11:57  Hellion x3  
  58  11:58  Hellion  
  66  12:04  SCV x2  
  68  12:09  Hellion, Supply Depot  
  68  12:13  Supply Depot  
  68  12:14  Supply Depot  
  70  12:16  SCV x2  
  70  12:18  Hellion  
  70  12:19  Hellion x3  
  80  12:28  SCV x2  
  82  12:36  Supply Depot  
Tags
 
Composition
Mech
Matchup
TvZ
Replay Pack
2017S4
Spawn Locations
Cross Positions
Add a new tag
Caveats
  • Supply blocks, unpowered buildings, or Contaminate may cause inaccurate times.
  • Supply counts are checked every 10 seconds.